 Dungeon Crawl Stone Soup version 0.20-a0-947-g2784f4f (webtiles) character file.

112 Duffy the Digger (level 5, 35/35 HPs)
             Began as a Formicid Earth Elementalist on Apr 2, 2017.
             Quit the game on level 3 of the Dungeon.
             The game lasted 00:03:44 (2933 turns).

Duffy the Digger (Formicid Earth Elementalist)      Turns: 2933, Time: 00:03:44

Health: 35/35      AC:  6    Str: 13    XL:     5   Next: 16%
Magic:  10/10      EV: 11    Int: 20    God:
Gold:   81         SH:  0    Dex: 11    Spells: 8/11 levels left

rFire    . . .     SeeInvis +   w - +3 quarterstaff (chaos)
rCold    . . .     Gourm    +   (no shield)
rNeg     . . .     Faith    .   z - +0 leather armour (curse)
rPois    .         Spirit   .   (helmet unavailable)
rElec    .         Reflect  .   x - +1 cloak
rCorr    .         Harm     .   (no gloves)
MR       .....                  o - +0 pair of boots
Stlth    ++........             j - amulet of the gourmand
Regen    0.2/turn               (no ring)
MPRegen  0.2/turn               (no ring)

@: brilliant
A: permanent stasis, dig shafts and tunnels, four strong arms, antennae 3
a: Dig, Shaft Self


You were on level 3 of the Dungeon.
You were full.

You visited 1 branch of the dungeon, and saw 3 of its levels.

You collected 81 gold pieces.

Inventory:

Hand Weapons
 a - a +0 dagger
 w - a +3 quarterstaff of chaos (weapon)
Missiles
 b - 21 stones (quivered)
Armour
 c - a +0 robe
 o - a +0 pair of boots (worn)
 s - a +0 large shield
 x - a +1 cloak (worn)
 z - a cursed +0 leather armour (worn)
Jewellery
 j - an amulet of the gourmand (around neck)
 y - an uncursed ring of fire
Scrolls
 v - a scroll of enchant armour
Potions
 g - a potion of degeneration {unknown}
 h - 2 potions of heal wounds
 i - a potion of agility {unknown}
 q - a potion of cancellation {unknown}
 r - 3 potions of brilliance
 u - a potion of lignification
Books
 e - a book of Geomancy

   Spells                             Type                      Level
   a - Sandblast                      Earth                        1
   b - Passwall                       Transmutation/Earth          2
   c - Stone Arrow                    Conjuration/Earth            3
   d - Petrify                        Transmutation/Earth          4
   e - Lee's Rapid Deconstruction     Earth                        5
Comestibles
 d - 3 bread rations
 l - 2 royal jellies
 n - a meat ration


   Skills:
 - Level 1.7 Dodging
 - Level 2.4 Stealth
 + Level 3.5 Spellcasting
 + Level 1.3 Conjurations
   Level 1.1 Transmutations
 + Level 5.0 Earth Magic


You had 8 spell levels left.
You knew the following spells:

 Your Spells              Type           Power        Failure   Level  Hunger
j - Stone Arrow           Conj/Erth      ####..       1%          3    ###....


Dungeon Overview and Level Annotations

Branches:
Dungeon (3/15)

Altars:


Innate Abilities, Weirdness & Mutations

You cannot be hasted, slowed, berserked, paralysed or teleported.
You can dig through walls and to a lower floor.
Your four strong arms can wield two-handed weapons with a shield.
You have a pair of large antennae on your head. (SInv)


Message History

You see here a leather armour.
You hit the hobgoblin.
You kill the hobgoblin!
You see here a club.
No target in view!
Found 6 gold pieces.
No target in view!
As you read the scroll labeled IKLEHYG EPUGHAD, it crumbles to dust.
You feel a strange sense of stasis.
It was a scroll of teleportation.
As you read the scroll labeled SUXIACW DEUNG, it crumbles to dust.
You feel aware of your surroundings.
It was a scroll of magic mapping.
As you read the scroll labeled EGOUBI XENEOCI, it crumbles to dust.
You hear a loud clanging noise!
It was a scroll of noise.
You hear a shout! x2
As you read the scroll labeled TEPHEW CADANNOIQ, it crumbles to dust.
It is a scroll of amnesia.
Forget which spell ([?*] list [ESC] exit)?
Your memory of Sandblast unravels.
Are you sure you want to abandon this character and quit the game? (Confirm with "yes".)

,* *,,,******,,*,*, ,*
*,,,,,,,,*,,*,*, ,*
*,,,<***,,,,,,*, ,*
*,,,,,,,**,**,*, ,****
*,,,,,,,,*,,,,,, ,,,,*
######,,,,,,,****,*,
,,,,*****#####....#,,,,,,,* *,,,
,,,,*,,,,.........+,,,,,,,* *<*,
,,,,*,*#######..@.#..#.,*,****,*,
,,,,,,,........)........,,,,,,,*,
,****,*#####...####..#..*,******,
,,,,,,,,..##...# *,$#,,*,* *,
.,,,,,**#.##...####.,#,,*,* *,
.#*######.##[..(.....,,,*,* *,
.###....#............,,,*,* *,
........'............,,,*,******,
........###....####..,,,,,,,,,,,,


There were no monsters in sight!

Vanquished Creatures
  Crazy Yiuf (D:2)
  4 adders (D:2)
  3 worms (D:2)
  2 dart slugs (D:2)
  3 bats
  2 giant cockroaches
  3 goblins
  4 hobgoblins
  8 kobolds
  A quokka (D:2)
  A frilled lizard (D:2)
  6 rats
  A fungus (D:2)
39 creatures vanquished.

Notes
Turn   | Place    | Note
-------+----------+-------------------------------------------
     0 | D:1      | Duffy the Formicid Earth Elementalist began the quest for the Orb.
     0 | D:1      | Reached XP level 1. HP: 13/13 MP: 3/3
   293 | D:1      | Reached XP level 2. HP: 19/19 MP: 1/5
   546 | D:1      | Reached skill level 4 in Earth Magic
  1010 | D:2      | Reached XP level 3. HP: 22/24 MP: 7/7
  1196 | D:2      | Learned a level 3 spell: Stone Arrow
  1843 | D:2      | Reached XP level 4. HP: 28/30 MP: 8/8
  2476 | D:2      | Reached skill level 1 in Conjurations
  2637 | D:2      | Found a runed door.
  2641 | D:2      | Noticed Crazy Yiuf
  2652 | D:2      | Killed Crazy Yiuf
  2652 | D:2      | Reached skill level 5 in Earth Magic
  2652 | D:2      | Reached XP level 5. HP: 18/35 MP: 0/10
  2933 | D:3      | Quit the game

Vault maps used:
D:1:      dpeg_arrival_ternary
D:2:      first_bread, st_stairs_6, minmay_splitting_lines,
          uniq_crazy_yiuf_cottage
D:3:      st_stairs_7, nicolae_underground_beach

Skill      XL: |  1  2  3  4 |
---------------+-------------+-----
Earth Magic    | 4 5 |  5.0
Spellcasting   | 3 |  3.5
Conjurations   | 1 |  1.3
Dodging        | |  1.7
Stealth        | |  2.4
Transmutations | |  1.1

Action                   |  1- 3 |  4- 6 || total
-------------------------+-------+-------++-------
Melee: Dagger            |    54 |    53 ||   107
       Quarterstaff      |       |     6 ||     6
 Cast: Sandblast         |    25 |    18 ||    43
       Stone Arrow       |       |     3 ||     3
  Use: Scroll            |       |     7 ||     7
       Potion            |       |     1 ||     1
 Stab: Sleeping          |     4 |     2 ||     6
  Eat: Chunk             |     9 |     4 ||    13
Armor: Robe              |    19 |     1 ||    20
Dodge: Dodged            |    33 |    15 ||    48
